 Dungeon Crawl Stone Soup version 0.20-a0-641-g673355a (webtiles) character file.

389 shpingle the Poker (level 6, -3/52 HPs)
             Began as a Naga Warper on Feb 13, 2017.
             Was an Initiate of Cheibriados.
             Killed by nerve-wracking pain
             ... invoked by Grinder
              (10 damage)
             ... on level 4 of the Dungeon on Feb 15, 2017.
             The game lasted 00:29:06 (8176 turns).

shpingle the Poker (Naga Warper)                    Turns: 8176, Time: 00:29:06

Health: -3/52      AC:  8    Str: 13 (14) XL:     6   Next: 79%
Magic:  2/9        EV:  9    Int: 16 (17) God:    Cheibriados [......]
Gold:   238        SH:  0    Dex: 10 (11) Spells: 1/9 levels left

rFire    . . .     SeeInvis +   a - +0 spear
rCold    . . .     Gourm    .   b - +0 leather armour
rNeg     . . .     Faith    .   (no shield)
rPois    +         Spirit   .   r - +0 helmet
rElec    .         Reflect  .   B - +0 cloak
rCorr    .         Harm     .   v - +2 pair of gloves
MR       .....                  (no barding)
Stlth    +++.......             (no amulet)
Regen    0.2/turn               (no ring)
MPRegen  0.2/turn               h - ring of stealth

@: very slightly contaminated, very slow
A: see invisible, deformed body, poison resistance, slowness 2, slow metabolism
1, spit poison 1, AC +2
a: Spit Poison, Bend Time, Renounce Religion


You were on level 4 of the Dungeon.
You worshipped Cheibriados.
Cheibriados was noncommittal.
You were not hungry.

You visited 2 branches of the dungeon, and saw 5 of its levels.

You collected 238 gold pieces.

Inventory:

Hand Weapons
 a - a +0 spear (weapon)
Missiles
 k - 5 stones (quivered)
Armour
 b - a +0 leather armour (worn)
 r - a +0 helmet (worn)
 v - a +2 pair of gloves (worn)
 A - a +0 ring mail
 B - a +0 cloak (worn)
Jewellery
 h - a ring of stealth (left hand)
Wands
 y - a wand of digging (10/24)
Scrolls
 m - 4 scrolls of teleportation
 p - a scroll of recharging
 t - a scroll of enchant armour {unknown}
 w - 3 scrolls of remove curse {unknown}
Potions
 q - a potion of cancellation
 u - 2 potions of brilliance
Books
 c - a book of Spatial Translocations

   Spells                             Type                      Level
   a - Blink                          Translocation                2
   b - Shroud of Golubria             Charms/Translocation         2
   c - Lesser Beckoning               Translocation                3
   d - Portal Projectile              Translocation                3
   e - Teleport Other                 Translocation                3
   f - Passage of Golubria            Translocation                4
Comestibles
 f - 3 bread rations


   Skills:
 - Level 2.0 Fighting
 * Level 6.6 Polearms
 - Level 0.8 Throwing
 + Level 1.0 Armour
 + Level 1.6 Dodging
 - Level 3.0 Stealth
 - Level 2.0 Spellcasting
 - Level 3.0 Translocations


You had one spell level left.
You knew the following spells:

 Your Spells              Type           Power        Failure   Level  Hunger
a - Blink                 Tloc           N/A          12%         2    ###....
b - Teleport Other        Tloc           ##......     24%         3    ###....
c - Lesser Beckoning      Tloc           ##........   24%         3    ###....


Dungeon Overview and Level Annotations

Branches:
Dungeon (4/15)             Temple (1/1) D:4

Altars:
Ashenzari
Cheibriados
Dithmenos
Elyvilon
Fedhas
Gozag
Hepliaklqana
Kikubaaqudgha
Makhleb
Nemelex Xobeh
Okawaru
Qazlal
Ru
Sif Muna
Trog
Uskayaw
Vehumet
Xom
Yredelemnul
Zin
The Shining One

Annotations:
D:3 Edmund
D:4 Grinder


Innate Abilities, Weirdness & Mutations

You cannot wear boots.
Your serpentine skin is tough. (AC +2)
You have supernaturally acute eyesight. (SInv)
Armour fits poorly on your strangely shaped body.
Your system is resistant to poisons. (rPois)
You cover ground very slowly.
You have a slow metabolism.
You can spit poison.


Message History

Casting: Teleport Other
Confirm with . or Enter, or press ? or * to list all spells.
Okay, then.
It was a potion of degeneration.
There was something very wrong with that liquid.
You feel weakened.
You feel dopey.
You feel clumsy. Grinder gestures at you.
You struggle to resist.
Throwing (i - inventory):
k - 6 stones (quivered)
Press: ? - help, Shift-Dir - straight line, f/p - Grinder
Aim: Grinder (moderately wounded)
You throw a stone. The stone hits Grinder.
Grinder is moderately wounded.
You hit Grinder but do no damage.
Grinder is moderately wounded.
You hit Grinder.
Grinder is moderately wounded.
Grinder gestures at you. Pain shoots through your body!
You die...

███ ███ █>█
█.. .(.
....█ █.█ █
█ █5█ █ █@█
█ █.█ . █.█
. █.█ █.
█.█ ██
███.█
██...█
██...██
██.....████


You could see Grinder.

Vanquished Creatures
  2 orc wizards (D:3)
  Natasha (thrice) (D:3)
  A hound skeleton (D:4)
  8 adders
  A river rat (D:3)
  3 oozes
  3 worms
  5 dart slugs
  3 leopard geckos
  14 orcs
  14 bats
  5 giant cockroaches
  11 hobgoblins
  9 jackals
  9 kobolds
  5 quokkas
  13 goblins
  13 rats
122 creatures vanquished.

Notes
Turn   | Place    | Note
-------+----------+-------------------------------------------
     0 | D:1      | shpingle the Naga Warper began the quest for the Orb.
     0 | D:1      | Reached XP level 1. HP: 19/19 MP: 3/3
   252 | D:1      | Reached XP level 2. HP: 26/26 MP: 5/5
   653 | D:1      | Reached skill level 3 in Polearms
   683 | D:1      | Reached XP level 3. HP: 21/32 MP: 6/6
  1215 | D:1      | Learned a level 2 spell: Blink
  1775 | D:2      | Reached XP level 4. HP: 35/39 MP: 7/7
  1931 | D:2      | Reached skill level 3 in Stealth
  2115 | D:2      | Reached skill level 4 in Polearms
  3264 | D:3      | Reached XP level 5. HP: 32/45 MP: 8/8
  3827 | D:3      | Reached skill level 5 in Polearms
  3859 | D:3      | Found a glowing drain.
  4454 | D:3      | Noticed Natasha
  4461 | D:3      | Killed Natasha
  4667 | D:3      | Reached XP level 6. HP: 36/52 MP: 9/9
  4888 | D:2      | Reached skill level 6 in Polearms
  5263 | D:3      | Noticed Natasha
  5272 | D:3      | Killed Natasha
  6164 | D:3      | Noticed Natasha
  6181 | D:3      | Killed Natasha
  6764 | D:4      | Noticed Edmund
  7521 | D:4      | Found a staircase to the Ecumenical Temple.
  7526 | Temple   | Entered the Ecumenical Temple
  7600 | Temple   | Became a worshipper of Cheibriados the Contemplative
  8079 | D:4      | Learned a level 3 spell: Teleport Other
  8083 | D:4      | Learned a level 3 spell: Lesser Beckoning
  8137 | D:4      | Noticed Grinder
  8159 | D:4      | Paralysed by Grinder for 3 turns
  8176 | D:4      | Killed from afar by Grinder

Vault maps used:
D:1:      co_arrival_hall_of_pillars, serial_corexii_hall,
          corexii_hall_statues_s, corexii_hall_statues_t
D:3:      gup_sewer_entry_spiral, uniq_natasha
D:4:      minmay_temple_entry_glassed_door, uniq_grinder, uniq_edmund
Temple:   compressed_dpeg_triangle_lava_temple

Skill      XL: |  1  2  3  4  5  6 |
---------------+-------------------+-----
Polearms       | 3 4 5 6 |  6.6
Stealth        | 1 2 3 |  3.0
Armour         | 1 |  1.0
Fighting       | |  2.0
Throwing       | |  0.8
Dodging        | |  1.6
Spellcasting   | |  2.0
Translocations | |  3.0

Action                   |  1- 3 |  4- 6 || total
-------------------------+-------+-------++-------
Melee: Spear             |    89 |   385 ||   474
Throw: Stone             |     6 |    21 ||    27
       Tomahawk          |     1 |     4 ||     5
 Cast: Blink             |       |     6 ||     6
       Teleport Other    |       |     1 ||     1
 Abil: Spit Poison       |    12 |    71 ||    83
  Use: Scroll            |       |     7 ||     7
       Potion            |       |     2 ||     2
 Stab: Sleeping          |     4 |    20 ||    24
       Distracted        |       |     5 ||     5
  Eat: Chunk             |     3 |    17 ||    20
       Fruit             |       |     2 ||     2
       Bread ration      |       |     1 ||     1
       Royal jelly       |       |     1 ||     1
Armor: Leather armour    |    13 |    68 ||    81
Dodge: Dodged            |    37 |   123 ||   160
